 Dungeon Crawl Stone Soup version 0.21-a0-536-gdbbf329 (webtiles) character file.

10 Gerstahl the Skirmisher (level 2, 23/24 HPs)
             Began as a Demonspawn Monk on Dec 15, 2017.
             Quit the game on level 2 of the Dungeon.
             The game lasted 00:00:58 (720 turns).

Gerstahl the Skirmisher (Demonspawn Monk)            Turns: 720, Time: 00:00:58

Health: 23/24      AC:  2    Str: 11    XL:     2   Next: 10%
Magic:  2/2        EV: 13    Int: 11    God:
Gold:   31         SH:  0    Dex: 15    Spells: 1/1 levels left

rFire    . . .     SeeInvis .   a - +0 falchion
rCold    . . .     Gourm    .   (no shield)
rNeg     . . .     Faith    .   b - +0 robe
rPois    .         Spirit   .   (no helmet)
rElec    .         Reflect  .   (no cloak)
rCorr    .         Harm     .   (no gloves)
MR       .....                  (no boots)
Stlth    ++........             (no amulet)
HPRegen  0.08/turn              (no ring)
MPRegen  0.08/turn              (no ring)

@: no status effects
A: demonic guardian 1
a: no special abilities


You were on level 2 of the Dungeon.
You were not hungry.

You visited 1 branch of the dungeon, and saw 2 of its levels.

You collected 31 gold pieces.

Inventory:

Hand Weapons
 a - a +0 falchion (weapon)
Armour
 b - a +0 robe (worn)
Scrolls
 d - 4 scrolls of identify {unknown}
 e - a scroll of teleportation {unknown}
 g - a scroll of fear {unknown}
 i - a scroll of enchant weapon {unknown}
 k - a scroll of fog {unknown}
 m - a scroll of remove curse {unknown}
Potions
 h - 3 potions of curing {unknown}
 l - a potion of flight {unknown}
 n - a potion of invisibility {unknown}
Comestibles
 c - 4 bread rations
 f - 2 chunks of flesh
 j - a meat ration


   Skills:
 + Level 3.3 Fighting
 + Level 3.0 Long Blades
 - Level 2.6 Dodging
 - Level 1.7 Stealth


You had one spell level left.
You didn't know any spells.

Dungeon Overview and Level Annotations

Branches:
Dungeon (2/15)

Altars:
Nemelex Xobeh
Yredelemnul


Innate Abilities, Weirdness & Mutations

A weak demonic guardian rushes to your aid.


Message History

You have reached level 2!
Your demonic ancestry asserts itself...
You feel the presence of a demonic guardian.
There are monsters nearby!
The frilled lizard hisses angrily.
You see here a rat corpse.
The bat misses you. The bat hits you but does no damage.
You hit the bat but do no damage. The bat barely misses you.
You hit the frilled lizard.
You kill the frilled lizard!
The bat hits you. The bat closely misses you. The bat closely misses you.
The bat barely misses you. The bat barely misses you.
You riposte.
You miss the bat. You hit the bat.
You kill the bat!
No target in view!
No target in view!
Are you sure you want to abandon this character and quit the game? (Confirm with "yes".)

##.#.. ..#.# #.#.#+####
####........#
#........... #.........
#....†.# ######
#.#......########....###
#......@.†........##.##.
##.###............##.##.
# #............#.....
#............#.###.
###............# #.
#...####.####.# #.
#...##.....##.# #. #
#...#.......#.# #.
..##.##..#.......#.###.


There were no monsters in sight!

Vanquished Creatures
  A leopard gecko (D:1)
  A bat (D:2)
  A giant cockroach (D:1)
  A goblin (D:2)
  A hobgoblin (D:1)
  A kobold (D:1)
  A frilled lizard (D:2)
  A rat (D:2)
8 creatures vanquished.

Notes
Turn   | Place    | Note
-------+----------+-------------------------------------------
     0 | D:1      | Gerstahl the Demonspawn Monk began the quest for the Orb.
     0 | D:1      | Reached XP level 1. HP: 18/18 MP: 1/1
   599 | D:2      | Found a sparkling altar of Nemelex Xobeh.
   635 | D:2      | Found a basalt altar of Yredelemnul.
   710 | D:2      | Gained mutation: A weak demonic guardian rushes to your aid. [demonic ancestry]
   710 | D:2      | Reached XP level 2. HP: 23/24 MP: 2/2
   720 | D:2      | Quit the game

Vault maps used:
D:1:      grunt_arrival_lava_bath, supply_closet_lemuel
D:2:      cheibrodos_greedy_goblins, lemuel_doored_altar, old_standard_altar,
          dancing_weapons_uskayaw, first_bread, uniq_jessica

Skill      XL: |  1 |
---------------+----+-----
Long Blades    | 3 |  3.0
Fighting       | |  3.3
Dodging        | |  2.6
Stealth        | |  1.7

Action                   || total
-------------------------++-------
Melee: Falchion          ||    16
Armor: Robe              ||     3
Dodge: Dodged            ||    13
       Rpst.: Falchion   ||     5

Table legend:
 A = Spawn XP
 B = Non-spawn XP
 C = Spawn XP percentage of total XP
 D = Spawn monster count
 E = Non-spawn monster count
 F = Spawn count percentage of total count
 G = Total turns spent on level
                    A         B        C        D         E        F      G
               +---------+---------+-------+---------+---------+-------+---------
         Total |       0 |      15 |   0.0 |       0 |       8 |   0.0 |   720
               +---------+---------+-------+---------+---------+-------+---------
           D:1 |       0 |       9 |   0.0 |       0 |       4 |   0.0 |   485
           D:2 |       0 |       6 |   0.0 |       0 |       4 |   0.0 |   235
               +---------+---------+-------+---------+---------+-------+---------
